 Dungeon Crawl Stone Soup version 0.29.1-2-gbd0b4ee654 (webtiles) character file.

Game seed: 11001907845541882737

4762 Icepheonix32 the Basher (level 10, -3/94 HPs)
             Began as a Minotaur Fighter on Oct 24, 2022.
             Was a Believer of Okawaru.
             Slain by a yak (7 damage)
             ... on level 8 of the Dungeon.
             The game lasted 00:05:32 (7449 turns).

Icepheonix32 the Basher (Minotaur Fighter)          Turns: 7449, Time: 00:05:33

Health: -3/94      AC: 12    Str: 20    XL:     10   Next: 23%
Magic:  3/3        EV: 10    Int:  9    God:    Okawaru [**....]
Gold:   408        SH:  5    Dex: 11    Spells: 9/9 levels left

rFire   . . .      SeeInvis +   n - +8 flail "Kohobust" {antimagic, rPois Will+ SInv}
rCold   . . .      Faith    +   c - +0 buckler
rNeg    . . .      Spirit   .   q - +1 scale mail {Will+}
rPois   +          Reflect  .   (helmet restricted)
rElec   .          Harm     .   f - +0 cloak
rCorr   .          Rampage  .   (no gloves)
Will    ++...                   t - +0 pair of boots
Stlth   ..........              e - amulet of faith
HPRegen 0.25/turn               (no ring)
MPRegen 0.08/turn               (no ring)

@: no status effects
A: horns 2, retaliatory headbutt
a: Renounce Religion, Heroism


You were on level 8 of the Dungeon.
You worshipped Okawaru.
Okawaru was pleased with you.
You visited 2 branches of the dungeon, and saw 9 of its levels.

You collected 408 gold pieces.

Inventory:

Hand Weapons
 a - a +1 war axe
 d - a +1 broad axe of draining
 n - the +8 flail "Kohobust" (weapon) {antimagic, rPois Will+ SInv}
   (You found it on level 2 of the Dungeon)

   It reduces the magical energy of the wielder, and disrupts the spells and
   magical abilities of those it strikes.
   Natural abilities and divine invocations are not affected.
   rPois:     It protects you from poison.
   SInv:      It lets you see invisible.
   Will:      It increases your willpower.
 C - a +1 morningstar of protection
Missiles
 h - 8 curare-tipped darts (quivered)
 v - 2 throwing nets
 z - 4 boomerangs
Armour
 c - a +0 buckler (worn)
 f - a +0 cloak (worn)
 q - a +1 scale mail of willpower (worn)
 t - a +0 pair of boots (worn)
 F - +0 swamp dragon scales
Jewellery
 e - an amulet of faith (around neck)
 E - a ring of ice
 G - an amulet of the acrobat
Wands
 b - a wand of roots (9)
 r - a wand of mindburst (9)
 D - a wand of flame (14)
Scrolls
 i - 2 scrolls of immolation
 k - 2 scrolls of blinking {unknown}
 m - a scroll of summoning {unknown}
 p - 4 scrolls of identify
 s - 2 scrolls of magic mapping
 w - a scroll of amnesia {unknown}
 x - 2 scrolls of enchant weapon
 y - a scroll of torment {unknown}
 A - 2 scrolls of butterflies {unknown}
Potions
 g - 2 potions of degeneration {unknown}
 j - 4 potions of curing {unknown}
 l - 4 potions of heal wounds {unknown}
 o - 2 potions of haste {unknown}
 u - a potion of flight {unknown}
 B - a potion of lignification {unknown}


   Skills:
 * Level 10.3 Fighting
 - Level 2.7(7.4) Axes
 + Level 10.8(10.9) Maces & Flails
 + Level 8.4 Armour
 + Level 3.0 Dodging
 + Level 1.5 Stealth
 + Level 5.6 Shields
 * Level 3.1 Invocations


You had 9 spell levels left.
You didn't know any spells.
Your spell library contained the following spells:

 Spells                   Type           Power      Damage    Failure   Level
 Shock                    Conj/Air       0%         1d3       78%         1
 Ensorcelled Hibernation  Hex/Ice        0%         N/A       89%         2
 Passwall                 Tmut/Erth      0%         N/A       89%         2
 Swiftness                Air            0%         N/A       98%         3
 Airstrike                Air            0%         2d(0-16)  100%        4


Dungeon Overview and Level Annotations

Branches:
Dungeon (8/15)             Temple (1/1) D:7
   Lair: D:8-11

Altars:
Ashenzari
Cheibriados
Dithmenos
Elyvilon
Fedhas
Gozag
Hepliaklqana
Kikubaaqudgha
Makhleb
Nemelex Xobeh
Okawaru
Qazlal
Ru
Sif Muna
Trog
Uskayaw
Vehumet
Wu Jian
Yredelemnul
Zin
The Shining One

Shops:
D:5 *

Annotations:
D:7 3 runed translucent doors, quakins's ghost, novice TrTm


Innate Abilities, Weirdness & Mutations

You have a pair of horns on your head.
You reflexively headbutt those who attack you in melee.


Message History

You bludgeon the yak!!
You kill the yak!
Okawaru accepts your kill.
Your Invocations skill increases to level 3!
Unknown command.
You thump the yak! You headbutt the yak.
The yak is moderately wounded.
The yak gores you!
* * * LOW HITPOINT WARNING * * *
The yak gores you!
* * * LOW HITPOINT WARNING * * *
You barely miss the yak.
The yak is moderately wounded.
You block the yak's attack. The yak gores you but does no damage.
Unknown command.
You sock the yak! Your headbutt misses the yak.
The yak is severely wounded.
The yak gores you but does no damage. The yak barely misses you.
Unknown command.
You sock the yak!
The yak is almost dead.
The yak barely misses you. You furiously retaliate!
You headbutt the yak.
You kill the yak!
Okawaru accepts your kill. You block the yak's attack.
Your Dodging skill increases to level 3!
The yak gores you but does no damage.
You see here a yak corpse.
You hit the yak.
The yak is lightly wounded.
The yak gores you.
* * * LOW HITPOINT WARNING * * *
You sock the yak!
The yak is heavily wounded.
The yak gores you!
* * * LOW HITPOINT WARNING * * *
You sock the yak!
The yak is severely wounded.
The yak gores you!
You die...

###......
..........#
##....
..........#
##...
..........##
#...#
...........#
#######..##
...........#
#.....#..#
...........#
##......).##
........††.#
#.......))).
.........@..#
#.........).
..........Y..#
#...........
..............#
#...........
.............##
#...........
#.........)..#
#........... .
#...........#
#...........
..##..........#
#...........
#..#.........#
#...........
..#.......##
#...........


You could see a yak.

Vanquished Creatures
  A two-headed ogre (D:8)
  Pikel (D:5)
  Maggie (D:8)
  Prince Ribbit (D:5)
  Sigmund (D:5)
  4 yaks (D:8)
  A water moccasin (D:7)
  2 sky beasts
  2 ogres
  2 phantoms
  A kobold brigand (D:8)
  3 bullfrogs
  6 scorpions
  4 killer bees (D:8)
  3 howler monkeys
  3 hounds (D:7)
  10 orc priests
  2 gnoll boudas
  Ijyb (D:3)
  3 iguanas
  9 orc wizards
  7 gnolls
  10 adders
  A shadow imp (D:6)
  3 white imps
  An ufetubus (D:4)
  A worm (D:4)
  4 dart slugs
  25 orcs
  2 ball pythons
  3 bats
  6 endoplasms
  4 giant cockroaches
  15 hobgoblins
  3 jackals (D:3)
  3 quokkas
  3 frilled lizards
  7 goblins
  5 kobolds
  4 rats
168 creatures vanquished.

Vanquished Creatures (others)
  4 plants (D:3)
4 creatures vanquished.

Grand Total: 172 creatures vanquished

Notes
Turn   | Place    | Note
-------+----------+-------------------------------------------
     0 | D:1      | Icepheonix32 the Minotaur Fighter began the quest for the
                  | Orb.
     0 | D:1      | Reached XP level 1. HP: 19/19 MP: 0/0
   303 | D:1      | Reached XP level 2. HP: 27/27 MP: 1/1
  1095 | D:2      | Reached XP level 3. HP: 34/34 MP: 2/2
  1224 | D:2      | Identified the +8 flail "Kohobust" {antimagic, rPois Will+
                  | SInv}
  1391 | D:2      | Reached skill level 1 in Dodging
  1787 | D:3      | Reached skill level 1 in Maces & Flails
  1787 | D:3      | Reached XP level 4. HP: 14/41 MP: 1/3
  2013 | D:3      | Found a radiant altar of Vehumet.
  2018 | D:3      | Found a stormy altar of Qazlal.
  2036 | D:3      | Reached XP level 5. HP: 42/47 MP: 1/4
  2211 | D:3      | Found a faded altar of an unknown god.
  2373 | D:3      | Noticed Ijyb
  2384 | D:3      | Killed Ijyb
  2385 | D:3      | Reached skill level 5 in Fighting
  2586 | D:4      | Noticed an ogre
  2590 | D:4      | Killed an ogre
  2591 | D:4      | Reached XP level 6. HP: 56/56 MP: 1/5
  2689 | D:4      | Reached skill level 5 in Armour
  2935 | D:4      | Reached skill level 5 in Maces & Flails
  3015 | D:4      | Reached XP level 7. HP: 62/62 MP: 2/6
  3098 | D:4      | Found a snail-covered altar of Cheibriados.
  3340 | D:5      | Entered Level 5 of the Dungeon
  3419 | D:5      | Found Daomn's Elemental Accessories.
  3916 | D:5      | Noticed Sigmund
  3923 | D:5      | Killed Sigmund
  4015 | D:5      | Reached XP level 8. HP: 69/73 MP: 2/7
  4093 | D:5      | Noticed Pikel
  4115 | D:5      | Killed Pikel
  4415 | D:5      | Noticed Prince Ribbit
  4424 | D:5      | Killed Prince Ribbit
  4862 | D:6      | Reached XP level 9. HP: 58/82 MP: 2/8
  5101 | D:6      | Reached skill level 5 in Shields
  5668 | D:6      | Found an opulent altar of Gozag.
  5696 | D:6      | Found a hazy altar of Hepliaklqana.
  5783 | D:7      | Found a runed translucent gate.
  5783 | D:7      | Found a runed translucent gate.
  5784 | D:7      | Found a runed translucent gate.
  5786 | D:7      | Noticed quakins's ghost (novice TrTm)
  5803 | D:7      | Found a staircase to the Ecumenical Temple.
  5827 | Temple   | Entered the Ecumenical Temple
  6049 | Temple   | Became a worshipper of Warmaster Okawaru
  6161 | D:7      | Reached skill level 1 in Stealth
  6766 | D:8      | Noticed a two-headed ogre
  6767 | D:8      | Noticed Maggie
  6772 | D:8      | Killed a two-headed ogre
  6772 | D:8      | Reached * piety under Okawaru
  6773 | D:8      | Reached skill level 10 in Maces & Flails
  6773 | D:8      | Reached skill level 1 in Invocations
  6779 | D:8      | Killed Maggie
  7150 | D:8      | Reached skill level 10 in Fighting
  7150 | D:8      | Reached XP level 10. HP: 93/93 MP: 3/10
  7282 | D:8      | Reached ** piety under Okawaru
  7448 | D:8      | HP: 4/94 [yak (8)]
  7449 | D:8      | Slain by a yak

Illustrated notes

Levels and vault maps discovered:
D:1:      roderic_crossed_star, layout_basic
D:2:      layout_basic
D:3:      layout_rooms, grunt_qazlal_clouds, fiery_altar_vehumet,
          chequers_ecumenical_altar_lobes, uniq_ijyb
D:4:      layout_loops_cross, slow_altar_2, grunt_ministairs_5, minmay_cupped
D:5:      layout_basic, nicolae_elemental_shop, hangedman_decor_opposing,
          nicolae_elevator_lobby_asterisk, uniq_pikel, uniq_sigmund,
          uniq_prince_ribbit1
D:6:      minmay_angry_zag, layout_basic, mainiacjoe_overflow_two_lobes
D:7:      layout_basic, minmay_temple_entry_statues_pillars,
          gammafunk_ghost_split, hangedman_decor_slide_cut
D:8:      layout_cave_pods, minmay_shop_mayhem, dreamdust_princess_bridge,
          nrook_campfire, st_stairs_8, uniq_maggie
Temple:   kb_temple_of_zot

Skill      XL: |  1  2  3  4  5  6  7  8  9 10 |
---------------+-------------------------------+-----
Fighting       | 4 5 7 8 10 | 10.3
Armour         | 4 5 6 8 |  8.4
Shields        | 4 5 |  5.6
Dodging        | 1 2 3 |  3.0
Maces & Flails | 1 3 5 6 8 10 | 10.8
Stealth        | 1 |  1.5
Invocations    | 2 3 |  3.1
Axes           | |  2.7

Action                   |  1- 3 |  4- 6 |  7- 9 | 10-12 || total
-------------------------+-------+-------+-------+-------++-------
Melee: War axe           |    39 |       |       |       ||    39
       Headbutt          |    10 |    14 |    28 |     8 ||    60
       Flail             |    26 |    87 |   183 |    41 ||   337
  Use: Scroll            |       |     6 |       |       ||     6
       Potion            |       |       |     1 |       ||     1
Armor: Scale mail        |    30 |    47 |    61 |    16 ||   154
Dodge: Dodged            |    41 |    32 |    76 |    17 ||   166
Block: Buckler           |    18 |    10 |    32 |    10 ||    70
